 Dungeon Crawl Stone Soup version 0.21.0-24-g2553a3340b (webtiles) character file.

48870 bryan the Peltast (level 14, -5/129 HPs)
             Began as a Minotaur Fighter on Jan 20, 2018.
             Was the Champion of the Shining One.
             Killed from afar by a fire dragon (11 damage)
             ... with a blast of flame
             ... while paralysed by a vampire knight
             ... on level 1 of the Depths.
             The game lasted 00:48:29 (14415 turns).

bryan the Peltast (Minotaur Fighter)               Turns: 14415, Time: 00:48:30

Health: -5/129     AC: 32    Str: 32    XL:     14   Next: 13%
Magic:  14/14      EV:  2    Int:  5    God:    the Shining One [******]
Gold:   1150       SH:  0    Dex: 12    Spells: 13/13 levels left

rFire    + . .     SeeInvis .   D - +9 scimitar (protect)
rCold    . . .     Gourm    .   c - +0 shield
rNeg     + + +     Faith    .   H - +10 plate armour of the Vestibule of Hell {rF+ rN+}
rPois    +         Spirit   .   (helmet restricted)
rElec    .         Reflect  +   (no cloak)
rCorr    .         Harm     .   n - +2 pair of gloves
MR       +....                  q - +2 pair of boots {Stlth+}
Stlth    ..........             B - brooch of Shielding {Reflect SH+8}
HPRegen  0.31/turn              g - ring "Votwie Douno" {*Corrode +Fly Str+6 Dex+2}
MPRegen  0.14/turn              E - ring of poison resistance

@: paralysed, engulfed (cannot breathe), glowing, very slow
A: retaliatory headbutt, horns 2
a: Divine Shield, Cleansing Flame, Summon Divine Warrior, Renounce Religion,
Evoke Flight


You were on level 1 of the Depths.
You worshipped the Shining One.
The Shining One was exalted by your worship.
You were full.

You visited 3 branches of the dungeon, and saw 17 of its levels.
You also visited: Sewer and Ossuary.

You collected 1150 gold pieces.

Inventory:

Hand Weapons
 D - a +9 scimitar of protection (weapon)
Armour
 c - a +0 shield (worn)
 n - a +2 pair of gloves (worn)
 q - a +2 pair of boots of stealth (worn)
 H - the +10 plate armour of the Vestibule of Hell (worn) {rF+ rN+}
   (You found it on level 8 of the Dungeon)

   It protects you from fire.
   It protects you from negative energy.
Jewellery
 g - the ring "Votwie Douno" (left hand) {*Corrode +Fly Str+6 Dex+2}
   (You found it on level 5 of the Dungeon)

   [ring of strength]

   It affects your strength (+6).
   It affects your dexterity (+2).
   It lets you fly.
   It may corrode you when you take damage.
 u - a +4 ring of strength {unknown}
 y - an uncursed ring of protection from cold
 z - an uncursed amulet of faith {unknown}
 B - the brooch of Shielding (around neck) {Reflect SH+8}
   (You found it on level 10 of the Dungeon)

   [amulet of reflection]

   It shields you and reflects attacks.
   It affects your SH (+8).
 E - a ring of poison resistance (right hand)
 L - an uncursed ring of ice
Wands
 a - a wand of paralysis (19)
 i - a wand of iceblast (20)
 t - a wand of digging (11)
 C - a wand of flame (58)
 J - a wand of polymorph (11)
 P - a wand of scattershot (5)
Scrolls
 h - 5 scrolls of magic mapping
 p - 6 scrolls of remove curse
 r - 2 scrolls of enchant weapon
 s - a scroll of amnesia
 v - a scroll of fog
 x - 2 scrolls of fear
 F - 2 scrolls of enchant armour
 M - 2 scrolls of identify
Potions
 b - 8 potions of brilliance
 d - 6 potions of might
 j - 5 potions of agility
 k - 4 potions of invisibility
 l - 7 potions of curing
 m - 8 potions of flight
 o - 6 potions of heal wounds
 A - a potion of magic
 I - a potion of cancellation
 K - 2 potions of ambrosia
 Q - a potion of resistance
Miscellaneous
 w - a phial of floods
Comestibles
 f - 7 rations


   Skills:
 + Level 13.1 Fighting
 + Level 16.0 Long Blades
 + Level 11.1 Armour
 + Level 3.8 Dodging
 + Level 1.3 Stealth
 + Level 16.6 Shields
 + Level 2.1 Evocations


You had 13 spell levels left.
You didn't know any spells.

Dungeon Overview and Level Annotations

Branches:
Dungeon (15/15)            Temple (1/1) D:6            Lair (0/6) D:8
    Orc (0/2) D:10         Depths (1/5) D:15
 Vaults: D:13-14

Altars:
Ashenzari
Cheibriados
Dithmenos
Elyvilon
Fedhas
Gozag
Hepliaklqana
Kikubaaqudgha
Makhleb
Nemelex Xobeh
Okawaru
Qazlal
Ru
Sif Muna
Trog
Uskayaw
Vehumet
Wu Jian
Xom
Yredelemnul
Zin
The Shining One

Shops:
D:11 :   Depths:1 (

Portals:
Trove: D:14 (give 12 potions of heal wounds)


Innate Abilities, Weirdness & Mutations

You reflexively headbutt those who attack you in melee.
You have a pair of horns on your head.


Message History

The fire giant shouts!
You hear a shout!
The centaur wields a shortbow.
The centaur shoots an arrow.
The arrow hits you but does no damage.
You hear a splash.
A centaur comes into view.
The centaur shouts!
Found an arrow.
A centaur warrior, a water elemental and a deep troll earth mage come into view.
The deep troll earth mage shouts!
The centaur warrior shouts!
The water elemental hits you.
The water elemental engulfs you in water!
A centaur and an iron troll come into view.
* * * LOW HITPOINT WARNING * * *
Your lungs strain for air!
The centaur moves out of view.
The centaur hits the plant but does no damage.
The water elemental hits you. The fire dragon breathes flames at you.
The blast of flame hits the plant.
The blast of flame hits you! You resist.
You die...

T≈≈≈≈≈≈PPJ#.
≈≈≈≈≈≈≈≈P..
≈PP≈≈P≈c≈.#
≈≈T≈≈≈PP≈.
≈≈≈≈≈≈≈cc♣
≈≈C≈≈≈≈Pc
≈≈≈≈≈≈≈≈♣
≈≈≈D≈§P@♣
≈≈≈≈≈≈E♣♣
♣P≈≈≈≈P
♣♣≈P≈≈♣
♣♣♣♣♣


You could see a fire giant, an iron troll, a slime creature, a centaur warrior,
a deep troll earth mage, a water elemental and 3 centaurs.

Vanquished Creatures
  An emperor scorpion (D:15)
  A juggernaut skeleton (Depths:1)
  A very ugly thing (Depths:1)
  A stone giant (Depths:1)
  A dire elephant (D:15)
  A yaktaur captain (Depths:1)
  2 hydras
  Fannar (D:12)
  A death knight (D:15)
  3 centaur warriors
  12 two-headed ogres
  2 ogre magi (D:15)
  4 tengu warriors
  Sonja (D:12)
  Nergalle (D:12)
  3 unseen horrors
  A necromancer (Depths:1)
  Pikel (D:6)
  4 ugly things
  A wolf spider zombie (D:15)
  A cyclops (D:12)
  A slime creature (D:15)
  A salamander (shapeshifter) (D:15)
  3 centaur zombies
  A gargoyle (D:15)
  A guardian serpent (D:15)
  2 freezing wraiths (D:15)
  2 guardian mummies (D:14)
  3 yaktaurs (D:14)
  A merfolk (D:15)
  4 trolls
  A hornet (D:11)
  5 hippogriffs
  A spriggan skeleton (Depths:1)
  A spriggan zombie (Depths:1)
  A meliai zombie (D:15)
  A spriggan (D:9)
  2 shadows
  A vampire (D:12)
  Sigmund (D:6)
  5 wraiths
  A wyvern (D:14)
  12 yaks
  A water elemental (Depths:1)
  2 hungry ghosts
  6 vampire mosquitoes
  A redback simulacrum (D:15)
  2 acid dragons
  A soldier ant (D:14)
  A slave (D:6)
  Duvessa (D:6)
  2 ice beasts
  7 orc warriors
  6 sky beasts
  3 phantoms
  A deep troll simulacrum (Depths:1)
  8 ogres
  2 necrophages (D:11)
  11 centaurs
  A crocodile (D:10)
  An elf zombie (D:7)
  9 bullfrogs
  11 big kobolds
  2 elf skeletons (D:7)
  2 wyvern zombies
  5 water moccasin zombies (Ossuary)
  A gnoll sergeant (D:10)
  3 scorpions
  Dowan (D:6)
  9 killer bees
  14 wights
  An electric eel (D:15)
  9 howler monkeys
  7 crimson imps
  5 jellies
  2 human zombies (D:7)
  2 quasits
  8 orc priests
  4 centaur skeletons
  6 hounds
  4 bullfrog skeletons
  3 human skeletons (D:7)
  3 iguanas
  10 worker ants
  An orc wizard (D:11)
  A big kobold zombie (Ossuary)
  A hound zombie (D:4)
  2 hound skeletons
  2 mummies (Ossuary)
  2 worker ant zombies
  8 gnolls
  A howler monkey skeleton (D:11)
  12 adders
  3 shadow imps
  An ooze (D:7)
  6 adder zombies
  3 adder skeletons
  3 worms
  3 dart slugs
  5 leopard geckos
  37 orcs
  5 giant cockroaches
  2 gnoll zombies (Ossuary)
  10 goblins
  9 hobgoblins
  11 jackals
  66 kobolds
  6 quokkas
  8 ball pythons
  9 bats
  9 frilled lizards
  6 hobgoblin zombies (Ossuary)
  A jackal zombie (D:5)
  6 kobold zombies (Ossuary)
  A leopard gecko skeleton (D:4)
  A leopard gecko zombie (D:8)
  2 orc skeletons (D:7)
  4 orc zombies
  A quokka skeleton (D:8)
  40 rats
561 creatures vanquished.

Vanquished Creatures (others)
  2 yaktaurs (D:14)
  A centaur (D:15)
  A slave (D:6)
  8 plants (Depths:1)
12 creatures vanquished.

Grand Total: 573 creatures vanquished

Notes
Turn   | Place    | Note
-------+----------+-------------------------------------------
     0 | D:1      | bryan the Minotaur Fighter began the quest for the Orb.
     0 | D:1      | Reached XP level 1. HP: 19/19 MP: 0/0
    57 | D:1      | Reached XP level 2. HP: 19/27 MP: 1/1
   345 | D:1      | Reached XP level 3. HP: 30/33 MP: 2/2
  1161 | D:2      | Found a deep blue altar of Sif Muna.
  1161 | D:2      | Found a glowing silver altar of Zin.
  1206 | D:2      | Reached XP level 4. HP: 39/40 MP: 3/3
  2104 | D:3      | Reached XP level 5. HP: 47/47 MP: 4/4
  2134 | D:3      | Found a deep blue altar of Sif Muna.
  2614 | D:4      | Reached skill level 5 in Long Blades
  2831 | D:4      | Reached XP level 6. HP: 48/53 MP: 5/5
  2835 | D:4      | Reached skill level 5 in Armour
  2964 | D:4      | Reached skill level 5 in Shields
  3510 | D:4      | Reached XP level 7. HP: 59/60 MP: 6/6
  3568 | D:4      | Reached skill level 5 in Fighting
  3989 | D:5      | Entered Level 5 of the Dungeon
  4145 | D:5      | Reached skill level 1 in Dodging
  4238 | D:5      | Got a twitching marble ring
  4425 | D:6      | Found a staircase to the Ecumenical Temple.
  4430 | D:6      | Noticed Dowan
  4431 | D:6      | Noticed Duvessa
  4440 | D:6      | Killed Dowan
  4451 | D:6      | Killed Duvessa
  4582 | D:6      | Found a glowing drain.
  4714 | Sewer    | Entered a sewer
  5153 | Sewer    | Reached XP level 8. HP: 63/69 MP: 7/7
  5527 | D:6      | Noticed Pikel
  5543 | Temple   | Entered the Ecumenical Temple
  5568 | Temple   | Became a worshipper of the Shining One
  5612 | D:6      | Killed Pikel
  5868 | D:6      | Reached XP level 9. HP: 49/75 MP: 8/8
  6063 | D:6      | Identified the ring "Votwie Douno" {*Corrode +Fly Str+6 Dex+2} (You found it on level 5 of the Dungeon)
  6110 | D:6      | Reached * piety under the Shining One
  6158 | D:6      | Noticed Sigmund
  6191 | D:6      | Killed Sigmund
  6262 | D:6      | Found an opulent altar of Gozag.
  6650 | D:7      | Reached skill level 10 in Long Blades
  7142 | D:7      | Found a sand-covered staircase.
  7151 | Ossuary  | Entered an ossuary
  7172 | Ossuary  | Reached ** piety under the Shining One
  7231 | Ossuary  | Reached *** piety under the Shining One
  7318 | D:7      | Reached **** piety under the Shining One
  7321 | D:7      | Reached XP level 10. HP: 86/86 MP: 9/9
  7418 | D:7      | Found a sparkling altar of Nemelex Xobeh.
  7475 | D:8      | Noticed a two-headed ogre
  7488 | D:8      | Killed a two-headed ogre
  7523 | D:8      | Found a hazy altar of Hepliaklqana.
  7571 | D:8      | Got a jewelled plate armour
  7582 | D:8      | Identified the +10 plate armour of the Vestibule of Hell {rF+ rN+} (You found it on level 8 of the Dungeon)
  7784 | D:8      | Found a shadowy altar of Dithmenos.
  7883 | D:8      | Found a staircase to the Lair.
  8095 | D:9      | Reached ***** piety under the Shining One
  8114 | D:9      | Reached skill level 10 in Shields
  8520 | D:9      | Reached XP level 11. HP: 83/97 MP: 10/10
  8594 | D:10     | Entered Level 10 of the Dungeon
  8610 | D:10     | Found a staircase to the Orcish Mines.
  8995 | D:10     | Found the brooch of Shielding {Reflect SH+8}
  9024 | D:10     | Noticed an unseen horror
  9035 | D:10     | Killed an unseen horror
  9609 | D:11     | Reached skill level 10 in Fighting
  9615 | D:11     | Found a bloodstained altar of Trog.
  9673 | D:11     | Found Joschaw's Book Shoppe.
  9775 | D:11     | Reached ****** piety under the Shining One
  9793 | D:11     | Noticed an unseen horror
  9814 | D:11     | Killed an unseen horror
  9817 | D:11     | Identified a +7 scimitar of holy wrath (a +5 scimitar blessed by the Shining One)
  9817 | D:11     | Received a gift from the Shining One
  9935 | D:11     | Noticed a tengu reaver
 10368 | D:12     | Noticed Sonja
 10384 | D:12     | Killed Sonja
 10387 | D:12     | Noticed a purple ugly thing
 10421 | D:12     | Killed a purple ugly thing
 10421 | D:12     | Reached XP level 12. HP: 96/107 MP: 11/11
 10709 | D:12     | Noticed a five-headed hydra
 10715 | D:12     | Killed a six-headed hydra
 10715 | D:12     | Reached skill level 1 in Evocations
 11023 | D:12     | Noticed Nergalle
 11036 | D:12     | Killed Nergalle
 11096 | D:12     | Noticed Fannar
 11106 | D:12     | Killed Fannar
 11419 | D:13     | Noticed a centaur warrior
 11432 | D:13     | Killed a centaur warrior
 11493 | D:13     | Noticed a two-headed ogre
 11501 | D:13     | Killed a two-headed ogre
 12016 | D:14     | Noticed a centaur warrior
 12025 | D:14     | Killed a centaur warrior
 12025 | D:14     | Reached skill level 10 in Armour
 12114 | D:14     | Noticed a two-headed ogre
 12119 | D:14     | Killed a two-headed ogre
 12150 | D:14     | Found a portal to a secret trove of treasure.
 12395 | D:14     | Noticed a two-headed ogre
 12403 | D:14     | Killed a two-headed ogre
 12403 | D:14     | Reached skill level 15 in Long Blades
 12590 | D:15     | Entered Level 15 of the Dungeon
 12717 | D:15     | Noticed a two-headed ogre
 12727 | D:15     | Killed a two-headed ogre
 12732 | D:15     | Reached XP level 13. HP: 92/116 MP: 13/13
 13149 | D:15     | Found a staircase to the Depths.
 13149 | D:15     | Noticed a dire elephant
 13168 | D:15     | Killed a dire elephant
 13189 | D:15     | Noticed an emperor scorpion
 13202 | D:15     | Killed an emperor scorpion
 13202 | D:15     | Reached skill level 15 in Shields
 13610 | D:15     | Reached skill level 1 in Stealth
 14146 | Depths:1 | Entered Level 1 of the Depths
 14146 | Depths:1 | Found Ethropn's Weapon Boutique.
 14323 | Depths:1 | Noticed a stone giant
 14329 | Depths:1 | Noticed a cyan very ugly thing
 14330 | Depths:1 | Noticed a fire dragon
 14330 | Depths:1 | Noticed a cyan very ugly thing
 14337 | Depths:1 | Reached XP level 14. HP: 120/127 MP: 14/14
 14353 | Depths:1 | Killed a stone giant
 14367 | Depths:1 | Noticed a vampire knight
 14368 | Depths:1 | Killed a red very ugly thing
 14410 | Depths:1 | Paralysed by a vampire knight for 7 turns
 14413 | Depths:1 | Noticed a fire giant
 14415 | Depths:1 | HP: 6/129 [drowned by a water elemental (5)]
 14415 | Depths:1 | Killed from afar by a fire dragon

Skill      XL: |  1  2  3  4  5  6  7  8  9 10 11 12 13 14 |
---------------+-------------------------------------------+-----
Fighting       | 4 5 6 7 9 10 11 12 13 | 13.1
Armour         | 4 6 7 8 9 10 11 | 11.1
Shields        | 4 5 6 8 9 10 12 14 16 | 16.6
Long Blades    | 3 5 6 7 8 11 12 14 15 16 | 16.0
Dodging        | 1 2 3 |  3.8
Evocations     | 2 |  2.1
Stealth        | 1 |  1.3

Action                   |  1- 3 |  4- 6 |  7- 9 | 10-12 | 13-15 || total
-------------------------+-------+-------+-------+-------+-------++-------
Melee: Long sword        |   112 |   173 |   280 |       |       ||   565
       Headbutt          |    16 |    36 |    89 |   135 |    95 ||   371
       Scimitar          |       |       |   150 |   566 |   283 ||   999
Invok: Brand Weapon With |       |       |       |     1 |       ||     1
Evoke: Wand              |       |       |       |    18 |       ||    18
  Use: Scroll            |     7 |     4 |     8 |    18 |     5 ||    42
       Potion            |       |     1 |     1 |     1 |     2 ||     5
  Eat: Ration            |     3 |       |     4 |     6 |     2 ||    15
Armor: Scale mail        |    18 |       |       |       |       ||    18
       Chain mail        |    29 |    94 |   224 |    10 |       ||   357
       Plate armour      |       |       |       |   172 |   104 ||   276
Dodge: Dodged            |    42 |    44 |   131 |    73 |    57 ||   347
Block: Shield            |    66 |   115 |   308 |   493 |   284 ||  1266
       Reflection        |       |       |       |    29 |    16 ||    45
       Rpst.: Long sword |    16 |    10 |    19 |       |       ||    45
       Scimitar          |       |       |    10 |    11 |     6 ||    27
